 Dungeon Crawl Stone Soup version 0.17-a0-1714-g35622ae (webtiles) character file.

64 abixa the Cudgeler (level 4, -2/28 HPs)
             Began as a Gargoyle Fighter on Aug 23, 2015.
             Slain by a gnoll
             ... wielding a +0 halberd
              (5 damage)
             ... on level 3 of the Dungeon.
             The game lasted 00:04:35 (1476 turns).

abixa the Cudgeler (Gargoyle Fighter)               Turns: 1476, Time: 00:04:36

Health: -2/28      AC: 12    Str: 20    XL:     4   Next: 12%
Magic:  4/4        EV:  5    Int:  9    God:
Gold:   110        SH:  9    Dex:  9    Spells: 0 memorised, 3 levels left

rFire  + . .     SeeInvis .     a - +0 flail
rCold  . . .     Clarity  .     n - +0 chain mail (curse)
rNeg   + . .     SustAt   .     c - +0 shield
rPois  ∞         Gourm    .     (no helmet)
rElec  +         Spirit   .     (no cloak)
rCorr  .         Warding  .     (no gloves)
rMut   .         Stasis   .     (no boots)
MR     .....                    (no amulet)
Stlth  ..........               (no ring)
                                p - ring of protection from fire

@: not resistant to hostile enchantments, extremely unstealthy
A: negative energy resistance 1, electricity resistance, unbreathing,
petrification resistance, rot immunity, AC +3
a: no special abilities


You were on level 3 of the Dungeon.
You were very hungry.

You visited 1 branch of the dungeon, and saw 3 of its levels.

You collected 110 gold pieces.

Inventory:

Hand weapons
 a - a +0 flail (weapon)
 l - a +0 hunting sling
 w - a +1 dagger of venom
Missiles
 b - 6 bolts
 h - 20 stones (quivered)
 k - 17 exploding sling bullets
 u - 19 arrows
Armour
 c - a +0 shield (worn)
 n - a cursed +0 chain mail (worn)
Jewellery
 p - a ring of protection from fire (left hand)
 v - a cursed ring of teleportation {unknown}
Scrolls
 f - a scroll of remove curse {unknown}
 g - 7 scrolls of blinking {unknown}
 i - 5 scrolls of identify {unknown}
 r - a scroll of enchant weapon {unknown}
 y - a scroll of noise {unknown}
Potions
 d - a potion of might
 m - 3 potions of cure mutation {unknown}
 q - a potion of lignification {unknown}
 s - a potion of heal wounds {unknown}
 x - a potion of resistance {unknown}
 z - a potion of poison {unknown}
 A - a potion of haste {unknown}
 B - a potion of curing {unknown}
Comestibles
 e - a bread ration
 j - a slice of pizza
 o - a meat ration
 t - a royal jelly
 C - a chunk of flesh


   Skills:
 - Level 3.2 Fighting
 + Level 4.2 Maces & Flails
 - Level 3.2 Armour
 - Level 3.2 Shields


You had 3 spell levels left.
You didn't know any spells.

Dungeon Overview and Level Annotations

Branches:
Dungeon (3/15)

Altars:
Gozag
Nemelex Xobeh


Innate Abilities, Weirdness & Mutations

You are resistant to torment.
Your stone body is resilient (AC +3).
You are immune to poison.
You resist negative energy.
You are resistant to electric shocks.
You can survive without breathing.
You are immune to petrification.
You are immune to rotting.


Message History

You feel stronger. You block the gnoll's attack.
Things that are here:
a flail; a gnoll corpse The gnoll hits you but does no damage.
Your shield and chain mail prevent you from hitting the gnoll.
You block the gnoll's attack.
You closely miss the gnoll.
The gnoll hits you from afar with a halberd!
The gnoll barely misses you.
You hit the gnoll.
The gnoll is lightly wounded.
The gnoll hits you from afar with a halberd.
The gnoll hits you with a halberd.
You hit the gnoll but do no damage.
The gnoll is lightly wounded.
The gnoll closely misses you. The gnoll hits you with a halberd.
* * * LOW HITPOINT WARNING * * *
The gnoll hits you from afar with a halberd.
You die...

#...##.#####.#.####..
..###.###.# ###.####g#
..........# #.gg.g.g.
########.####_.$.$.$.$g$.
..........# #8$.#........
######.#.#############..
#g#.....##.# #
#g#......#.# #@#......>.#
#.#......### #...#.#...##
#.#####..<.##
#........### #.#######..#
..........## .##########


You could see 2 gnolls.

Vanquished Creatures
  2 gnolls (D:3)
  An adder (D:2)
  4 bats
  A giant cockroach (D:2)
  5 hobgoblins
  5 kobolds
  3 quokkas
  A giant newt (D:1)
  8 goblins
  5 rats
35 creatures vanquished.

Notes
Turn   | Place    | Note
--------------------------------------------------------------
     0 | D:1      | abixa the Gargoyle Fighter began the quest for the Orb.
     0 | D:1      | Reached XP level 1. HP: 14/14 MP: 1/1
   219 | D:1      | Reached XP level 2. HP: 17/19 MP: 2/2
   726 | D:2      | Found a sparkling altar of Nemelex Xobeh.
   901 | D:2      | Reached XP level 3. HP: 23/23 MP: 3/3
  1428 | D:3      | Found an opulent altar of Gozag.
  1443 | D:3      | Reached skill level 4 in Maces & Flails
  1452 | D:3      | Reached XP level 4. HP: 19/28 MP: 4/4
  1476 | D:3      | Slain by a gnoll

Vault maps used:
D:1:      dpeg_arrival_stonehenge_12_columns, serial_bayou_lake_a
D:2:      nicolae_overflow_crystal_walls, serial_glass, glass_columns_b,
          glass_columns_a
D:3:      nicolae_overflow_hidden_temple, yredelemnul_forgotten_temple_becter,
          ashenzari_altar_1, ecumenical_altar_1, minmay_misc_feat_enclosed,
          grunt_ministairs_2, roderic_greek_sauvastika, grunt_gozag_breadcrumbs

Action                   |  1- 3 |  4- 6 || total
-------------------------+-------+-------++-------
Melee: Flail             |   144 |     4 ||   148
  Eat: Chunk             |     1 |       ||     1
